 Dungeon Crawl Stone Soup version 0.21-a0-531-gacddea6 (webtiles) character file.

79474 Gerstahl the Slicer (level 15, -1/142 HPs)
             Began as a Demonspawn Monk on Dec 12, 2017.
             Was the Champion of Ashenzari.
             Slain by an orc knight
             ... wielding a +0 long sword
              (8 damage)
             ... on level 1 of the Orcish Mines.
             The game lasted 00:50:04 (22722 turns).

Gerstahl the Slicer (Demonspawn Monk)              Turns: 22722, Time: 00:50:06

Health: -1/142     AC: 22    Str: 19    XL:     15   Next: 21%
Magic:  16/16      EV: 24    Int: 17    God:    Ashenzari [******]
Gold:   2155       SH:  0    Dex: 24    Spells: 14/14 levels left

rFire    + . .     SeeInvis +   y - +10 rapier "Uppodowa" {flame, Str+3} (curse)
rCold    . . .     Gourm    .   (no shield)
rNeg     + . .     Faith    .   s - +5 ring mail (curse)
rPois    +         Spirit   .   (no helmet)
rElec    .         Reflect  .   T - +2 cloak {rPois} (curse)
rCorr    .         Harm     .   (gloves unavailable)
MR       +....     Clarity  +   f - +2 pair of boots (curse)
Stlth    +.........             (no amulet)
HPRegen  0.73/turn              V - +3 ring of dexterity (curse)
MPRegen  0.15/turn              a - ring "Guifolee" {rPois rF+ rN+ Int+3 Stlth-} (curse)

@: no status effects
A: claws 3, rugged brown scales 2, clarity, clever 1, foul stench 2, high mp 1,
regeneration 1, robust 1, strong 2, rot immunity
a: Curse Item, Scrying, Transfer Knowledge, Renounce Religion


You were on level 1 of the Orcish Mines.
You worshipped Ashenzari.
Ashenzari was exalted by your worship.
You were not hungry.

You visited 3 branches of the dungeon, and saw 22 of its levels.
You visited 1 bazaar.
You also visited: Ice Cave.

You collected 2155 gold pieces.

Inventory:

Hand Weapons
 y - the cursed +10 rapier "Uppodowa" (weapon) {flame, Str+3}
   (You found it on level 6 of the Dungeon)

   It has been specially enchanted to burn those struck by it, causing extra
   injury to most foes and up to half again as much damage against particularly
   susceptible opponents.
   It affects your strength (+3).
   It has a curse placed upon it.
Armour
 f - a cursed +2 pair of boots (worn)
 s - a cursed +5 ring mail (worn)
 T - a cursed +2 cloak of poison resistance (worn)
Jewellery
 a - the cursed ring "Guifolee" (right claw) {rPois rF+ rN+ Int+3 Stlth-}
   (You found it on level 10 of the Dungeon)

   [ring of positive energy]

   It affects your intelligence (+3).
   It protects you from fire.
   It protects you from poison.
   It protects you from negative energy.
   It makes you less stealthy.
   It has a curse placed upon it.
 n - an uncursed ring of poison resistance
 F - an uncursed ring of ice
 U - an uncursed ring of protection from fire
 V - a cursed +3 ring of dexterity (left claw)
Wands
 e - a wand of polymorph (14)
 x - a wand of digging (24)
Scrolls
 g - 8 scrolls of identify
 i - 3 scrolls of teleportation
 k - 10 scrolls of remove curse
 o - a scroll of noise {unknown}
 q - 3 scrolls of blinking
 E - a scroll of silence
 H - a scroll of enchant weapon
 J - a scroll of brand weapon
 Q - a scroll of magic mapping {unknown}
Potions
 h - 2 potions of haste
 m - 2 potions of mutation
 r - 2 potions of magic
 t - 2 potions of invisibility
 D - 2 potions of agility
 G - 9 potions of curing
 K - 5 potions of might
 N - a potion of resistance
 P - 2 potions of flight
Comestibles
 c - 16 bread rations
 d - 10 meat rations
 j - 12 royal jellies
 M - 4 fruits


   Skills:
 + Level 13.2 Fighting
 - Level 13.5(18.0) Short Blades
   Level 6.7(11.1) Long Blades
 + Level 12.1(14.8) Armour
 + Level 11.3(14.0) Dodging
 - Level 1.7 Stealth


You had 14 spell levels left.
You didn't know any spells.

Dungeon Overview and Level Annotations

Branches:
Dungeon (14/15)            Temple (0/1) D:7            Lair (6/6) D:11
  Swamp (0/4) Lair:2       Spider (0/4) Lair:2        Slime (0/5) Lair:5
    Orc (2/2) D:9             Elf (0/3) Orc:2        Vaults (0/5) D:13

Altars:
Ashenzari
Cheibriados
Fedhas
Nemelex Xobeh
Okawaru
Trog
Vehumet
Beogh
Jiyva

Shops:
D:9 ?   Orc:2 *

Annotations:
D:12 1 exclusion


Innate Abilities, Weirdness & Mutations

You have claws for hands.
You are mostly covered in rugged brown scales. (AC +2, +5% HP)
You frequently emit foul miasma when damaged in melee.
You are immune to rotting.
You possess an exceptional clarity of mind.
Your mind is acute. (Int +2)
You have an increased reservoir of magic. (+10% MP)
Your natural rate of healing is unusually fast.
You are robust. (+10% HP)
Your muscles are very strong. (Str +4)


Message History

The orc warrior is poisoned.
There is a stone staircase leading up here.
Things that are here:
a +0 club; an orc skeleton The orc warrior closely misses you.
The orc warrior hits you with a hand axe!!
* * * LOW HITPOINT WARNING * * *
You emit a cloud of foul miasma!
The orc knight closely misses you.
The orc priest casts a cantrip, but nothing happens.
You climb upwards.
There is a stone staircase leading down here.
You puncture the orc knight! You burn the orc knight.
The orc knight is severely wounded.
You closely miss the orc knight.
The orc knight is severely wounded.
The orc warrior hits you with a hand axe!!
* * * LOW HITPOINT WARNING * * *
The orc warrior looks sick.
You emit a cloud of foul miasma!
The orc knight hits you with a long sword!
You die...

#####..## ###.#### ###
#.##....###.##...###.##
#.......##.##....#....#
#........#...........##
....#....#............#
...##.........#.......#
..####.....#.####...#.#
..##..........#o....###
........#.#^....@^.##
.......####......o..#
#.......# #.........##
#.....### ##.........#
......#.## ####..##.##
.........## #.#####
...#......## ###
..####.....###
...####......#


You could see an orc knight and an orc warrior.

Vanquished Creatures
  Gastronok (Lair:1)
  Kirke (D:12)
  An orc warlord (Orc:2)
  An ettin (Orc:2)
  Snorg (Lair:6)
  A fire dragon (D:10)
  A fire dragon (shapeshifter) (D:14)
  A vault guard (D:13)
  2 centaur warriors
  4 catoblepae
  9 hydras
  2 two-headed ogres
  7 death yaks
  An orc high priest (Orc:2)
  Sonja (Orc:2)
  4 unseen horrors
  A phantasmal warrior (D:13)
  A lindwurm (Lair:6)
  2 orc knights (Orc:2)
  2 deep elf magi
  A necromancer (IceCv)
  An orc sorcerer (Orc:1)
  The ghost of DEFE the Archer, a novice DEAM (D:7)
  2 manticores (Lair:6)
  6 ugly things
  A cyclops (D:14)
  9 elephants
  7 black mambas
  Joseph (D:7)
  3 gargoyles
  4 ice statues (IceCv)
  7 spiny frogs
  2 torpor snails (Lair:4)
  3 centaur skeletons
  5 rime drakes
  5 komodo dragons
  A freezing wraith (D:14)
  8 ice devils (IceCv)
  A tengu conjurer (D:13)
  2 jumping spiders (Lair:2)
  2 polar bears
  2 trolls
  17 blink frogs
  A slime creature (D:14)
  6 hippogriffs
  3 wraiths
  2 shadows (D:14)
  3 centaur simulacra
  2 water elementals (D:14)
  25 yaks
  4 wyverns
  A vampire (D:11)
  4 basilisks
  3 hungry ghosts
  A human (D:11)
  The ghost of Regeox the Slasher, an amateur BaWr of Okawaru (D:5)
  6 hogs
  9 vampire mosquitoes
  5 wargs
  19 water moccasins
  6 porcupines
  13 orc warriors
  5 ice beasts
  3 black bears
  14 ogres
  2 phantoms
  5 sky beasts
  A necrophage (D:10)
  2 wolves (Lair:5)
  6 centaurs
  22 crocodiles
  3 big kobolds
  23 bullfrogs
  A wyvern zombie (D:10)
  A wyvern skeleton (D:10)
  3 scorpions
  A scorpion (shapeshifter) (D:13)
  16 killer bees
  5 wights (D:12)
  3 electric eels
  3 howler monkeys (D:9)
  7 crimson imps
  2 bullfrog zombies
  2 draconian simulacra (IceCv)
  3 quasits
  4 hounds
  5 jellies
  18 orc wizards
  10 orc priests
  3 bullfrog skeletons
  Natasha (twice) (D:3)
  3 iguanas
  A spriggan simulacrum (IceCv)
  15 worker ants
  5 hell rats (Lair:4)
  3 troll simulacra (IceCv)
  A killer bee zombie (D:5)
  6 hound skeletons
  A worker ant zombie (D:9)
  Robin (D:3)
  3 gnolls (D:7)
  28 adders
  A howler monkey skeleton (D:10)
  2 ogre simulacra (IceCv)
  4 shadow imps
  12 white imps (Lair:3)
  3 oozes
  3 adder skeletons
  A dart slug (D:3)
  6 leopard geckos
  80 orcs
  7 bats
  4 giant cockroaches
  18 goblins
  11 hobgoblins
  7 jackals
  A quokka (D:4)
  5 frilled lizards
  A jackal skeleton (D:6)
  11 kobolds
  A leopard gecko skeleton (D:4)
  6 rats
  2 plants (Lair:5)
677 creatures vanquished.

Vanquished Creatures (others)
  A human (D:12)
  A shadow imp (D:10)
  22 fungi
  7 plants
31 creatures vanquished.

Grand Total: 708 creatures vanquished

Notes
Turn   | Place    | Note
-------+----------+-------------------------------------------
     0 | D:1      | Gerstahl the Demonspawn Monk began the quest for the Orb.
     0 | D:1      | Reached XP level 1. HP: 18/18 MP: 1/1
   155 | D:1      | Gained mutation: You have sharp fingernails. [demonic ancestry]
   155 | D:1      | Reached XP level 2. HP: 15/24 MP: 2/2
  1075 | D:2      | Gained mutation: You have very sharp fingernails. [demonic ancestry]
  1075 | D:2      | Reached XP level 3. HP: 12/30 MP: 3/3
  1105 | D:2      | HP: 1/30 [poisoned by an adder]
  1563 | D:2      | Found a snail-covered altar of Cheibriados.
  1917 | D:2      | Gained mutation: You are partially covered in rugged brown scales. (AC +1, +3% HP) [demonic ancestry]
  1917 | D:2      | Reached XP level 4. HP: 28/38 MP: 4/4
  2078 | D:2      | Found a shattered altar of Ashenzari.
  2080 | D:2      | Found a sparkling altar of Nemelex Xobeh.
  2182 | D:2      | Became a worshipper of Ashenzari the Shackled
  2182 | D:2      | Reached * piety under Ashenzari
  2182 | D:2      | Reached ** piety under Ashenzari
  2206 | D:3      | Noticed Natasha
  2214 | D:3      | Killed Natasha
  2473 | D:3      | Found a snail-covered altar of Cheibriados.
  2509 | D:3      | Noticed Natasha
  2518 | D:3      | Killed Natasha
  2518 | D:3      | Gained mutation: You are mostly covered in rugged brown scales. (AC +2, +5% HP) [demonic ancestry]
  2518 | D:3      | Reached XP level 5. HP: 32/45 MP: 5/5
  2740 | D:3      | Noticed Robin
  2795 | D:3      | Killed Robin
  3300 | D:3      | Reached skill level 5 in Fighting
  3492 | D:4      | Reached XP level 6. HP: 41/53 MP: 6/6
  3720 | D:4      | HP: 2/53 [ogre/giant club (18)]
  3753 | D:4      | Reached skill level 5 in Long Blades
  3972 | D:4      | Found a radiant altar of Vehumet.
  4335 | D:4      | Reached XP level 7. HP: 59/59 MP: 7/7
  4800 | D:5      | Entered Level 5 of the Dungeon
  4800 | D:5      | Noticed Regeox's ghost (amateur BaWr)
  4830 | D:5      | Killed Regeox's ghost
  5752 | D:5      | Reached skill level 1 in Armour
  5836 | D:5      | Found an iron altar of Okawaru.
  5976 | D:5      | Reached XP level 8. HP: 44/68 MP: 8/8
  6167 | D:6      | Reached skill level 5 in Dodging
  6639 | D:6      | Identified the +10 rapier "Uppodowa" {flame, Str+3}
  6955 | D:6      | Reached *** piety under Ashenzari
  7142 | D:7      | Noticed DEFE's ghost (novice DEAM)
  7172 | D:7      | Killed DEFE's ghost
  7172 | D:7      | Reached skill level 1 in Short Blades
  7172 | D:7      | Reached XP level 9. HP: 77/77 MP: 9/9
  7663 | D:7      | Noticed Joseph
  7672 | D:7      | Killed Joseph
  7672 | D:7      | Reached skill level 5 in Armour
  8005 | D:7      | Found a staircase to the Ecumenical Temple.
  8097 | D:8      | Reached skill level 5 in Short Blades
  8206 | D:8      | Reached XP level 10. HP: 65/84 MP: 10/10
  8359 | D:8      | Found a blossoming altar of Fedhas.
  8888 | D:8      | Reached **** piety under Ashenzari
  9274 | D:9      | Found Biec's Magic Scroll Boutique.
  9396 | D:9      | Found a staircase to the Orcish Mines.
  9407 | D:9      | Identified the +1 spear "Arotam" {speed, rElec rPois rC+ Str+3}
  9847 | D:9      | Gained mutation: Your mind is acute. (Int +2) [potion of mutation]
  9847 | D:9      | Gained mutation: Your mind is very acute. (Int +4) [potion of mutation]
  9963 | D:9      | Lost mutation: Your mind is very acute. (Int +4) [potion of mutation]
  9963 | D:9      | Lost mutation: Your mind is acute. (Int +2) [potion of mutation]
  9963 | D:9      | Gained mutation: Armour fits poorly on your strangely shaped body. [potion of mutation]
  9963 | D:9      | Gained mutation: You have claws for hands. [potion of mutation]
  9964 | D:9      | Lost mutation: You have claws for hands. [potion of mutation]
  9964 | D:9      | Lost mutation: Armour fits poorly on your strangely shaped body. [potion of mutation]
  9964 | D:9      | Gained mutation: You have supernaturally acute eyesight. (SInv) [potion of mutation]
  9964 | D:9      | Gained mutation: You have an increased reservoir of magic. (+10% MP) [potion of mutation]
  9964 | D:9      | Gained mutation: Your mind is acute. (Int +2) [potion of mutation]
  9965 | D:9      | Lost mutation: You have supernaturally acute eyesight. (SInv) [potion of mutation]
  9965 | D:9      | Gained mutation: You possess an exceptional clarity of mind. [potion of mutation]
  9965 | D:9      | Gained mutation: Your spells are a little easier to cast, but a little less powerful. [potion of mutation]
  9965 | D:9      | Gained mutation: Your natural rate of healing is unusually fast. [potion of mutation]
  9965 | D:9      | Gained mutation: Your muscles are strong. (Str +2) [potion of mutation]
  9966 | D:9      | Lost mutation: Your spells are a little easier to cast, but a little less powerful. [potion of mutation]
  9966 | D:9      | Gained mutation: Your muscles are very strong. (Str +4) [potion of mutation]
  9966 | D:9      | Gained mutation: You are robust. (+10% HP) [potion of mutation]
  9986 | D:10     | Entered Level 10 of the Dungeon
 10330 | D:10     | Noticed a two-headed ogre
 10331 | D:10     | Noticed a fire dragon
 10338 | D:10     | Killed a two-headed ogre
 10348 | D:10     | Killed a fire dragon
 10348 | D:10     | Gained mutation: You are immune to rotting. [demonic ancestry]
 10348 | D:10     | Reached XP level 11. HP: 59/98 MP: 12/12
 10357 | D:10     | Noticed a deep elf mage
 10362 | D:10     | Killed a deep elf mage
 10525 | D:10     | Noticed a centaur warrior
 10548 | D:10     | Killed a centaur warrior
 10713 | D:10     | Identified the +1 long sword of Oduquq {speed, *Noise +Inv rElec MP+9}
 10737 | D:10     | Identified the ring "Guifolee" {rPois rF+ rN+ Int+3 Stlth-}
 10877 | D:10     | Found a roughly hewn altar of Beogh.
 11322 | D:11     | Found a flickering gateway to a bazaar.
 11344 | Bazaar   | Entered a bazaar
 11344 | Bazaar   | Found Opod's Antique Weapon Shop.
 11344 | Bazaar   | Found Rysy's General Store.
 11369 | Bazaar   | Found Ciosan's Antique Armour Shop.
 11638 | D:11     | Reached ***** piety under Ashenzari
 11767 | D:11     | Noticed a death yak
 11768 | D:11     | Noticed a cyan ugly thing
 11768 | D:11     | Found a staircase to the Lair.
 11796 | D:11     | Killed a death yak
 11809 | D:11     | Killed a cyan ugly thing
 12271 | D:12     | Noticed an unseen horror
 12276 | D:12     | Killed an unseen horror
 12293 | D:12     | Gained mutation: You may emit foul miasma when damaged in melee. [demonic ancestry]
 12293 | D:12     | Reached XP level 12. HP: 66/105 MP: 13/13
 12394 | D:12     | Noticed a two-headed ogre
 12401 | D:12     | Killed a two-headed ogre
 12401 | D:12     | Reached skill level 10 in Armour
 12502 | D:12     | Identified the cursed +1 robe of Unaymuru {+Inv}
 13076 | D:13     | Noticed Kirke
 13308 | D:12     | Killed Kirke
 13401 | D:13     | Reached skill level 10 in Short Blades
 13403 | D:13     | Noticed an ettin
 13816 | D:13     | Noticed a centaur warrior
 13826 | D:13     | Killed a centaur warrior
 14152 | D:13     | Found a gate to the Vaults.
 14199 | D:13     | Noticed a vault guard
 14214 | D:13     | Killed a vault guard
 14479 | D:14     | Reached skill level 10 in Dodging
 14680 | D:14     | Noticed a four-headed hydra
 14685 | D:14     | Killed a four-headed hydra
 14752 | D:14     | Gained mutation: You frequently emit foul miasma when damaged in melee. [demonic ancestry]
 14752 | D:14     | Reached XP level 13. HP: 103/113 MP: 14/14
 15074 | D:14     | Found a bloodstained altar of Trog.
 15322 | D:14     | Noticed a fire dragon
 15341 | D:14     | Killed a fire dragon
 15831 | Lair:1   | Entered Level 1 of the Lair of Beasts
 15842 | Lair:1   | Noticed Gastronok
 15868 | Lair:1   | Killed Gastronok
 15868 | Lair:1   | Reached skill level 10 in Fighting
 16437 | Lair:2   | Found a staircase to the Swamp.
 16512 | Lair:2   | Found a hole to the Spider Nest.
 16901 | Lair:3   | Found a frozen archway.
 16933 | IceCv    | Entered an ice cave
 16940 | IceCv    | Reached ****** piety under Ashenzari
 17431 | IceCv    | Identified the +0 robe of Oblivion {+Blink Regen+ Int+4 Stlth-}
 17431 | IceCv    | Identified the +11 plate armour "Denec" {Str+6 SInv}
 17449 | IceCv    | Identified a scroll of acquirement
 17519 | Lair:3   | Identified the +4 plate armour of Ashenzari's Envy {Int+5} (You found it on level 7 of the Dungeon)
 17654 | Lair:3   | Gained mutation: You have claws for hands. [demonic ancestry]
 17654 | Lair:3   | Reached XP level 14. HP: 129/129 MP: 15/15
 19429 | Lair:4   | Identified the cursed +2 quick blade "Gill" {pierce, *Contam rC+ rN+ Int+8} (You acquired it on level 4 of the Lair of Beasts)
 19510 | Lair:5   | Found a viscous altar of Jiyva.
 19511 | Lair:5   | Found a staircase to the Slime Pits.
 20381 | Lair:6   | Entered Level 6 of the Lair of Beasts
 21316 | Lair:6   | Noticed Snorg
 21337 | Lair:6   | Killed Snorg
 21337 | Lair:6   | Reached XP level 15. HP: 111/140 MP: 16/16
 22087 | Orc:1    | Entered Level 1 of the Orcish Mines
 22281 | Orc:2    | Entered Level 2 of the Orcish Mines
 22500 | Orc:2    | Noticed Sonja
 22526 | Orc:2    | Killed Sonja
 22531 | Orc:2    | Found Haefusia's Assorted Antiques.
 22601 | Orc:2    | Noticed an orc warlord
 22631 | Orc:2    | Killed an orc warlord
 22722 | Orc:1    | HP: 7/142 [orc warrior/hand axe (18)]
 22722 | Orc:1    | Slain by an orc knight

Vault maps used:
D:1:      dpeg_arrival_chase, serial_bayou_lake_a
D:2:      nicolae_overflow_crystal_walls, minitemple
D:3:      kennysheep_goblin_castle, cheibriados_altar_1, uniq_natasha
D:4:      lemuel_crystal_altar, first_bread, supply_closet_lemuel
D:5:      basic_altar
D:6:      kennysheep_generic_room_3
D:7:      temple_green, serial_curves, eino_curves_03, eino_curves_04,
          eino_curves_04, eino_curves_01, uniq_joseph
D:8:      kennysheep_little_box
D:9:      orc_0_dummy, serial_shops, nicolae_shop_behind_doors
D:10:     minmay_quarter_circles, special_room
D:11:     david_lair_generic, serial_column_ruins, column_ruins_hut,
          column_ruins_grid_3, column_ruins_open_small, column_ruins_grid_2,
          serial_shops, bzr_entry_gold, minivault_14, grunt_livestock
D:13:     david_vaults_4, uniq_kirke
D:14:     lemuel_traditional_vault, basic_altar
Lair:1:   infiniplex_staircase_pool_2, uniq_gastronok
Lair:2:   swamp_mist_pool, spider_nest_entry_a
Lair:3:   portal_ice_cave_entry_imps, grunt_megastairs_1
Lair:4:   nzn_random_ring
Lair:5:   slime_altar_1, small_statue_intersection, cheibrodos_lair_reptile_den,
          wad_woods_river_01, serial_bayou_shore_b
Lair:6:   evilmike_catoblepas_cave, uniq_snorg
Orc:1:    basic_altar, mines2_lemuel
Orc:2:    grunt_orc_gardens, grunt_orc_garden, grunt_orc_garden,
          grunt_orc_garden, grunt_orc_garden, serial_shops,
          nicolae_shop_overgrown_old_shop, uniq_sonja
Bazaar:   bazaar_jpeg_cross
IceCv:    ice_cave_tombish

Skill      XL: |  1  2  3  4  5  6  7  8  9 10 11 12 13 14 15 |
---------------+----------------------------------------------+-----
Long Blades    | 3 4 5 6 |  6.7
Fighting       | 4 5 6 7 8 11 12 13 | 13.2
Dodging        | 3 4 5 6 8 10 11 | 11.3
Armour         | 1 4 6 8 9 11 12 | 12.1
Short Blades   | 1 5 7 9 10 12 13 | 13.5
Stealth        | |  1.7

Action                   |  1- 3 |  4- 6 |  7- 9 | 10-12 | 13-15 || total
-------------------------+-------+-------+-------+-------+-------++-------
Melee: Falchion          |    90 |   274 |   261 |       |       ||   625
       Rapier            |       |       |   162 |   716 |  1161 ||  2039
       Unarmed           |       |       |       |     6 |       ||     6
Invok: Curse Item        |       |     1 |     1 |     2 |     3 ||     7
       Scrying           |       |       |       |     1 |       ||     1
Evoke: Wand              |       |       |     4 |     2 |     4 ||    10
  Use: Potion            |       |     4 |       |    15 |     6 ||    25
       Scroll            |       |       |     1 |    19 |    14 ||    34
 Stab: Sleeping          |     2 |     7 |     1 |     3 |       ||    13
  Eat: Chunk             |     3 |     7 |    13 |    19 |    19 ||    61
       Royal jelly       |       |     1 |       |       |       ||     1
       Fruit             |       |       |       |     3 |     8 ||    11
Armor: Robe              |    20 |    70 |    25 |       |       ||   115
       Ring mail         |       |       |   130 |   192 |   317 ||   639
Dodge: Dodged            |    60 |   183 |   237 |   550 |   883 ||  1913
       Rpst.: Falchion   |    19 |    51 |    41 |       |       ||   111

Table legend:
 A = Spawn XP
 B = Non-spawn XP
 C = Spawn XP percentage of total XP
 D = Spawn monster count
 E = Non-spawn monster count
 F = Spawn count percentage of total count
 G = Total turns spent on level
                    A         B        C        D         E        F      G
               +---------+---------+-------+---------+---------+-------+---------
         Total |       0 |  113535 |   0.0 |       0 |     675 |   0.0 | 22722
               +---------+---------+-------+---------+---------+-------+---------
           D:1 |       0 |      19 |   0.0 |       0 |      13 |   0.0 |   766
           D:2 |       0 |      90 |   0.0 |       0 |      17 |   0.0 |  1433
           D:3 |       0 |     212 |   0.0 |       0 |      44 |   0.0 |  1228
           D:4 |       0 |     504 |   0.0 |       0 |      28 |   0.0 |  1373
           D:5 |       0 |     658 |   0.0 |       0 |      13 |   0.0 |  1296
           D:6 |       0 |    1037 |   0.0 |       0 |      26 |   0.0 |  1041
           D:7 |       0 |    2591 |   0.0 |       0 |      28 |   0.0 |   906
           D:8 |       0 |    1030 |   0.0 |       0 |      18 |   0.0 |  1119
           D:9 |       0 |     610 |   0.0 |       0 |      15 |   0.0 |   855
          D:10 |       0 |    9061 |   0.0 |       0 |      82 |   0.0 |  1143
          D:11 |       0 |    4941 |   0.0 |       0 |      34 |   0.0 |  1148
          D:12 |       0 |    8637 |   0.0 |       0 |      33 |   0.0 |  1146
          D:13 |       0 |    4862 |   0.0 |       0 |      32 |   0.0 |  1250
          D:14 |       0 |   12254 |   0.0 |       0 |      38 |   0.0 |  1139
        Lair:1 |       0 |    6394 |   0.0 |       0 |      18 |   0.0 |   617
        Lair:2 |       0 |    4946 |   0.0 |       0 |      15 |   0.0 |   738
        Lair:3 |       0 |    2026 |   0.0 |       0 |      21 |   0.0 |   742
        Lair:4 |       0 |    8296 |   0.0 |       0 |      29 |   0.0 |  1213
        Lair:5 |       0 |    8250 |   0.0 |       0 |      31 |   0.0 |   925
        Lair:6 |       0 |   22273 |   0.0 |       0 |      61 |   0.0 |  1368
         Orc:1 |       0 |    1047 |   0.0 |       0 |       7 |   0.0 |   196
         Orc:2 |       0 |    8404 |   0.0 |       0 |      49 |   0.0 |   439
         IceCv |       0 |    5393 |   0.0 |       0 |      23 |   0.0 |   585
               +---------+---------+-------+---------+---------+-------+---------
